 Dungeon Crawl Stone Soup version 0.18.1-48-g4cf74bf (webtiles) character file.

1741 Joat the Chiller (level 9, 0/63 HPs)
             Began as a Naga Ice Elementalist on Aug 6, 2016.
             Was an Initiate of Vehumet.
             Slain by an adder (1 damage)
             ... on level 5 of the Dungeon.
             The game lasted 00:44:17 (6496 turns).

Joat the Chiller (Naga Ice Elementalist)            Turns: 6496, Time: 00:44:22

Health: 0/63       AC: 17    Str: 10      XL:     9   Next: 5%
Magic:  0/12       EV: 10    Int: 19      God:    Vehumet [......]
Gold:   222        SH:  0    Dex: 11 (12) Spells: 3 memorised, 4 levels left

rFire  + . .     SeeInvis +     C - +1 whip (flame)
rCold  + . .     Gourm    .     B - +2 robe {MR+}
rNeg   . . .     Faith    .     (no shield)
rPois  +         Spirit   .     p - +0 helmet
rElec  +         Dismiss  .     d - +0 cloak
rCorr  +         Reflect  .     (no gloves)
SustAt .         Harm     .     (no barding)
MR     ++...     Rnd*Tele +     (no amulet)
Stlth  ++........               (no ring)
                                (no ring)

@: icy armour, resistant, slowed, very slow, very resistant to hostile
enchantments, unstealthy
A: yellow scales 1, see invisible, deformed body, frail 1, poison resistance,
slowness 2, slow metabolism 1, spit poison 2, teleportitis 1, AC +3
a: Spit Poison, Renounce Religion


You were on level 5 of the Dungeon.
You worshipped Vehumet.
Vehumet was noncommittal.
You were not hungry.

You visited 2 branches of the dungeon, and saw 7 of its levels.

You collected 222 gold pieces.

Inventory:

Hand Weapons
 C - a +1 whip of flaming (weapon)
 E - a +3 hunting sling
Armour
 d - a +0 cloak (worn)
 p - a +0 helmet (worn)
 B - a +2 robe of magic resistance (worn)
Jewellery
 k - an uncursed ring of fire
Scrolls
 e - a scroll of fear {unknown}
 h - 3 scrolls of noise {unknown}
 m - a scroll of enchant weapon {unknown}
 o - a scroll of random uselessness {unknown}
 q - 3 scrolls of teleportation {unknown}
 u - 5 scrolls of identify {unknown}
 v - a scroll of amnesia {unknown}
 w - a scroll of immolation {unknown}
 y - a scroll of blinking {unknown}
Potions
 g - 2 potions of degeneration
 i - a potion of brilliance
 l - 3 potions of curing
 n - a potion of ambrosia {unknown}
 s - a potion of berserk rage {unknown}
 t - a potion of heal wounds {unknown}
 z - 2 potions of mutation
 A - a potion of agility {unknown}
 D - a potion of magic {unknown}
Books
 b - a book of Frost

   Spells                             Type                      Level
   a - Freeze                         Ice                          1
   b - Throw Frost                    Conjuration/Ice              2
   c - Ozocubu's Armour               Charms/Ice                   3
   d - Throw Icicle                   Conjuration/Ice              4
   e - Summon Ice Beast               Ice/Summoning                4
Comestibles
 c - 3 bread rations
 f - a slice of pizza
 j - a meat ration
 r - a beef jerky
 x - 2 fruits


   Skills:
 + Level 1.1 Fighting
 + Level 2.0 Dodging
 - Level 3.0 Stealth
 - Level 2.0 Spellcasting
 - Level 6.3 Conjurations
 - Level 6.2 Charms
 - Level 7.1 Ice Magic


You had 4 spell levels left.
You knew the following spells:

 Your Spells              Type           Power        Failure   Level  Hunger
a - Freeze                Ice            ####         1%          1    #......
q - Ozocubu's Armour      Chrm/Ice       ####....     3%          3    ###....
z - Throw Icicle          Conj/Ice       ####....     12%         4    #####..


Dungeon Overview and Level Annotations

Branches:
Dungeon (6/15)             Temple (1/1) D:5

Altars:
Cheibriados
Elyvilon
Gozag
Kikubaaqudgha
Makhleb
Okawaru
Pakellas
Qazlal
Ru
Trog
Vehumet
Xom
Yredelemnul
The Shining One

Shops:
D:3 *


Innate Abilities, Weirdness & Mutations

You cannot wear boots.
Your serpentine skin is tough (AC +3).
You have supernaturally acute eyesight.
Armour fits poorly on your strangely shaped body.
Your system is resistant to poisons.
You cover ground very slowly.
You have a slow metabolism.
You can spit poison.
You are partially covered in yellow scales (AC +2).
You are frail (-10% HP).
You are occasionally teleported next to monsters.


Message History

It was a potion of mutation.
You feel extremely strange.
You feel weirdly uncertain.
Yellow scales grow over part of your body.
You feel frail. The adder bites you.
* * * LOW HITPOINT WARNING * * *
The wraith hits you.
* * * LOW HITPOINT WARNING * * *
The wraith drains your vigour!
You feel as though you will be slow longer.
The adder bites you but does no damage. The wraith closely misses you.
Drink which item? (? for menu, Esc to quit)
It was a potion of resistance.
You feel protected. The adder completely misses you. The wraith hits you.
* * * LOW HITPOINT WARNING * * *
The wraith drains your vigour!
You feel as though you will be slow longer.
The adder bites you.
You die...

....# #......# ##.## ###.#
##.##### #.# #.# #.# #.# ##.##
#.# ##+## #...##### #.# ##.<.##
#.#.....# #.## ##.....##
##...###.### #..## ##.......#
...........######...####.........
.#.#..........>W@......'.........
.......#.#.######S..####.........
.#.#.#.#.#.# ##.## ##.......#
.........#.# ####.#### ##.....##
###..#.###.# #.......# ##...##
##.#<# #.# #.##..#.# ##'##
#.#.###.# #.##.#..# #.# #.#.....#
#.###.#.######.# #.#######
#............#.##


You could see a wraith and an adder.

Vanquished Creatures
  Pikel (D:5)
  The ghost of Joat the Skirmisher, an amateur HOFi of Beogh (D:4)
  Sigmund (D:3)
  A sky beast (D:5)
  2 ogres (D:4)
  A water moccasin zombie (D:5)
  A howler monkey (D:4)
  A crimson imp (D:5)
  A quasit (D:5)
  A hound (D:4)
  A jelly (D:4)
  2 orc priests (D:5)
  3 orc wizards
  A centaur skeleton (D:4)
  A giant frog skeleton (D:4)
  Ijyb (D:1)
  A worker ant (D:5)
  Robin (D:4)
  6 adders
  An adder skeleton (D:5)
  4 worms
  2 dart slugs
  3 giant geckos
  15 orcs
  7 bats
  8 giant cockroaches
  16 goblins
  6 hobgoblins
  8 jackals
  9 kobolds
  A giant gecko skeleton (D:5)
  7 rats
115 creatures vanquished.

Vanquished Creatures (others)
  A giant frog (D:5)
1 creature vanquished.

Grand Total: 116 creatures vanquished

Notes
Turn   | Place    | Note
--------------------------------------------------------------
     0 | D:1      | Joat the Naga Ice Elementalist began the quest for the Orb.
     0 | D:1      | Reached XP level 1. HP: 15/15 MP: 3/3
   109 | D:1      | Reached XP level 2. HP: 5/22 MP: 0/5
   849 | D:1      | Reached skill level 4 in Ice Magic
   925 | D:2      | Noticed Ijyb
   936 | D:1      | Killed Ijyb
   936 | D:1      | Reached XP level 3. HP: 22/28 MP: 0/6
  1256 | D:2      | Reached XP level 4. HP: 36/36 MP: 7/7
  1371 | D:2      | Found a basalt altar of Yredelemnul.
  1738 | D:2      | Reached skill level 5 in Ice Magic
  2155 | D:3      | Noticed Sigmund
  2290 | D:3      | Killed Sigmund
  2290 | D:3      | Reached skill level 6 in Ice Magic
  2290 | D:3      | Reached XP level 5. HP: 34/42 MP: 1/8
  2290 | D:3      | Reached XP level 6. HP: 40/49 MP: 1/9
  2494 | D:3      | Found an opulent altar of Gozag.
  2496 | D:3      | Found Gozag's Platinum Reserve.
  2618 | D:4      | Reached skill level 7 in Ice Magic
  2682 | D:4      | Learned a level 3 spell: Ozocubu's Armour
  3043 | D:4      | Reached skill level 1 in Charms
  3533 | D:4      | Noticed Joat's ghost (amateur HOFi)
  3544 | D:4      | Killed Joat's ghost
  3544 | D:4      | Reached XP level 7. HP: 49/55 MP: 2/10
  3839 | D:4      | Noticed Robin
  3876 | D:4      | Killed Robin
  4108 | D:4      | Reached skill level 5 in Charms
  4409 | D:5      | Entered Level 5 of the Dungeon
  4644 | D:4      | Reached XP level 8. HP: 31/62 MP: 2/11
  4912 | D:4      | Learned a level 4 spell: Throw Icicle
  5406 | D:5      | Found a staircase to the Ecumenical Temple.
  5414 | Temple   | Entered the Ecumenical Temple
  5569 | Temple   | Became a worshipper of Vehumet
  5608 | D:5      | Noticed Pikel
  5627 | D:5      | Killed Pikel
  5627 | D:5      | Reached skill level 5 in Conjurations
  5930 | D:5      | Reached XP level 9. HP: 40/68 MP: 1/12
  6410 | D:5      | Reached skill level 1 in Fighting
  6495 | D:5      | Gained mutation: You are occasionally teleported next to monsters. [potion of mutation]
  6495 | D:5      | Gained mutation: You are partially covered in yellow scales (AC +2). [potion of mutation]
  6495 | D:5      | Gained mutation: You are frail (-10% HP). [potion of mutation]
  6496 | D:5      | HP: 1/63 [wraith (5)]
  6496 | D:5      | Slain by an adder

Skill      XL: |  1  2  3  4  5  6  7  8  9 |
---------------+----------------------------+-----
Ice Magic      | 4 6 7 |  7.1
Charms         | 4 5 6 |  6.2
Conjurations   | 6 |  6.3
Fighting       | 1 |  1.1
Dodging        | 2 |  2.0
Stealth        | |  3.0
Spellcasting   | |  2.0

Action                   |  1- 3 |  4- 6 |  7- 9 || total
-------------------------+-------+-------+-------++-------
Melee: Club              |    12 |       |       ||    12
       Dagger            |     5 |     4 |       ||     9
       Short sword       |       |     2 |       ||     2
       Scythe            |       |    18 |    98 ||   116
       Whip              |       |       |    41 ||    41
 Cast: Freeze            |    44 |    96 |   110 ||   250
       Ozocubu's Armour  |       |     3 |     5 ||     8
       Throw Icicle      |       |       |     1 ||     1
 Abil: Spit Poison       |     1 |     2 |     2 ||     5
  Use: Potion            |       |       |     6 ||     6
 Stab: Sleeping          |     1 |     5 |     1 ||     7
  Eat: Chunk             |     1 |     8 |     7 ||    16
       Bread ration      |       |       |     1 ||     1
Armor: Robe              |    10 |    29 |   167 ||   206
       Skin              |       |       |    10 ||    10
Dodge: Dodged            |    48 |    44 |   151 ||   243
